 Dungeon Crawl Stone Soup version 0.25.0-8-gfd19cd77bd (webtiles) character file.

Game seed: 16513963312639510491

13 DeadF the Vexing (level 2, 0/11 HPs)
             Began as a Felid Enchanter on June 16, 2020.
             Slain by a rat (2 damage)
             ... on level 1 of the Dungeon.
             The game lasted 00:01:27 (505 turns).

DeadF the Vexing (Felid Enchanter)                   Turns: 505, Time: 00:01:28

Health: 0/11       AC:  1    Str:  4    XL:     2   Next: 24%
Magic:  4/6        EV: 18    Int: 16    God:
Gold:   22         SH:  0    Dex: 16    Spells: 2/5 levels left
                                        Lives:  0   Deaths: 0

rFire    . . .     SeeInvis +     - Unarmed
rCold    . . .     Gourm    .   (shield unavailable)
rNeg     . . .     Faith    .   (armour unavailable)
rPois    .         Spirit   .   (helmet unavailable)
rElec    .         Reflect  .   (cloak unavailable)
rCorr    .         Harm     .   (gloves unavailable)
MR       .....                  (boots unavailable)
Stlth    +++.......             (no amulet)
HPRegen  0.03/turn              (no ring)
MPRegen  0.10/turn              (no ring)

@: quick
A: very small, no armour, no weapons or thrown items, stealth, claws 1, fangs 3,
see invisible, carnivore, speed 1, shaggy fur 1, slow metabolism 1, sharp paws
a: no special abilities


You were on level 1 of the Dungeon.
You were very full.

You visited 1 branch of the dungeon, and saw 1 of its levels.

You collected 22 gold pieces.

Inventory:

Jewellery
 c - an uncursed amulet of guardian spirit {unknown}
Scrolls
 a - a scroll of blinking {unknown}
 d - a scroll of remove curse {unknown}
Potions
 e - a potion of haste {unknown}
Comestibles
 b - a ration


   Skills:
 + Level 2.8 Dodging
 + Level 4.7 Stealth
 - Level 1.0 Unarmed Combat
 - Level 2.0 Spellcasting
 - Level 4.7 Hexes


You had 2 spell levels left.
You knew the following spells:

 Your Spells              Type           Power        Failure   Level  Hunger
a - Corona                Hex            ###....      3%          1    #......
b - Ensorcelled Hibernat  Hex/Ice        #.....       12%         2    ###....

Your spell library contained the following spells:

 Spells                   Type           Power        Failure   Level  Hunger
 Confusing Touch          Hex            ###.....     9%          3    ###....
 Tukima's Dance           Hex            ###.....     9%          3    ###....
 Dazzling Flash           Conj/Hex       #.....       24%         3    ###....


Dungeon Overview and Level Annotations

Branches:
Dungeon (1/15)

Altars:


Innate Abilities, Weirdness & Mutations

You cannot wear armour.
You are incapable of wielding weapons or throwing items.
Your paws allow you to move quietly. (Stealth)
You have sharp claws.
You have razor-sharp teeth.
You have supernaturally acute eyesight. (SInv)
You are carnivorous and can eat meat at any time.
You cover ground quickly.
You are covered in fur. (AC +1)
You have a slow metabolism.
Your sharp claws are effective at attacking unaware monsters.


Message History

You are too injured to fight recklessly!
A rat is nearby!
A rat is nearby!
A rat is nearby!
A rat is nearby!
A rat is nearby!
You see here a goblin corpse.
There is an open door here.
The rat completely misses you.
You barely miss the rat. The rat bites you.
* * * LOW HITPOINT WARNING * * *
You barely miss the rat. The rat closely misses you.
Casting: Ensorcelled Hibernation (safe; 12% risk of failure)
Confirm with . or Enter, or press ? or * to list all spells.
Aiming: Ensorcelled Hibernation (safe; 12% risk of failure)
Press: ? - help, Shift-Dir - straight line, f - rat
Aim: a rat (chance to defeat MR: 58%)
The rat resists with significant effort.
The rat bites you.
You die...

### #### ... ..# #.# ########.#
### #.. ........#### ..#
#.#######.........# ..#
#.#.....'.........# ..#
#.#.#####.........# ##
..###)#.#####...@r....##########.
.........[.......[....'..†.....'.
..###.#.#####.........##########.
..###.#.# #.......÷....#.....#.
......#.# ###+######...#.....#.
#.#####.# #.#....'...'..g....
........# #.#....#...#.......
#.#############.#....#...#.......
#>...................+...+.......


You could see a rat.

Vanquished Creatures
  2 dart slugs (D:1)
  A goblin (D:1)
  A hobgoblin (D:1)
  2 bats (D:1)
  2 frilled lizards (D:1)
  2 rats (D:1)
10 creatures vanquished.

Notes
Turn   | Place    | Note
-------+----------+-------------------------------------------
     0 | D:1      | DeadF the Felid Enchanter began the quest for the Orb.
     0 | D:1      | Reached XP level 1. HP: 7/7 MP: 4/4
   187 | D:1      | Reached XP level 2. HP: 6/11 MP: 6/6
   448 | D:1      | Learned a level 2 spell: Ensorcelled Hibernation
   505 | D:1      | Slain by a rat

Illustrated notes

Levels and vault maps discovered:
D:1:      minmay_arrival_four_houses, layout_basic, minmay_misc_feat_tower,
          minmay_crystal_room

Action                   || total
-------------------------++-------
Melee: Unarmed           ||    29
       Bite              ||     1
 Cast: Ensorcelled Hiber ||     2
       Corona            ||     1
 Stab: Sleeping          ||     6
  Eat: Chunk             ||     6
Armor: Skin              ||     5
Dodge: Dodged            ||    31
